 Dungeon Crawl Stone Soup version 0.19.5 (webtiles) character file.

189 Gargoyl the Skirmisher (level 5, 0/46 HPs)
             Began as a Ghoul Abyssal Knight on Apr 3, 2017.
             Was a Believer of Lugonu.
             Slain by a river rat (4 damage)
             ... in a sewer.
             The game lasted 00:04:42 (2121 turns).

Gargoyl the Skirmisher (Ghoul Abyssal Knight)       Turns: 2121, Time: 00:04:43

Health: 0/46       AC:  7    Str: 16    XL:     5   Next: 68%
Magic:  6/6        EV:  9    Int:  7    God:    Lugonu [**....]
Gold:   151        SH:  0    Dex:  9    Spells: 0 memorised, 4 levels left

rFire  . . .     SeeInvis .     a - +1 hand axe
rCold  + . .     Gourm    .     l - +0 scale mail
rNeg   + + +     Faith    .     (no shield)
rPois  ∞         Spirit   .     i - +1 hat
rElec  .         Reflect  .     (no cloak)
rCorr  .         Harm     .     (no gloves)
MR     .....                    (no boots)
Stlth  ..........               d - amulet of magic regeneration
                                (no ring)
                                e - +1 ring of slaying

@: rotting
A: rotting body, claws 1, carnivore 3, cold resistance 1, negative energy
resistance 3, slow regeneration 1, torment resistance, unbreathing
a: Depart the Abyss, Bend Space, Renounce Religion


You were in a sewer.
You worshipped Lugonu.
Lugonu was pleased with you.
You were not hungry.

You visited 1 branch of the dungeon, and saw 3 of its levels.
You visited the Abyss 1 time.
You also visited: Sewer.

You collected 151 gold pieces.

Inventory:

Hand Weapons
 a - a +1 hand axe (weapon)
Armour
 i - a +1 hat (worn)
 l - a +0 scale mail (worn)
Jewellery
 d - an amulet of magic regeneration (around neck)
 e - a +1 ring of slaying (left claw)
Wands
 b - a wand of random effects (27/48)
Scrolls
 m - a scroll of identify
 n - 2 scrolls of remove curse {unknown}
Potions
 g - 5 potions of might {unknown}
 h - a potion of curing {unknown}
Comestibles
 c - 5 meat rations
 j - a slice of pizza
 k - a beef jerky


   Skills:
 + Level 4.0 Fighting
 + Level 3.1 Axes
 * Level 3.0 Armour
 + Level 1.3 Dodging
 * Level 3.3 Invocations


You had 4 spell levels left.
You didn't know any spells.

Dungeon Overview and Level Annotations

Branches:
Dungeon (3/15)

Altars:


Innate Abilities, Weirdness & Mutations

Your body is rotting away.
You thrive on raw meat.
You are immune to poison.
You have sharp fingernails.
You are carnivorous and can eat meat at any time.
Your flesh is cold resistant. (rC+)
You are immune to negative energy. (rN+++)
You regenerate slowly when monsters are visible.
You are immune to unholy pain and torment.
You can survive without breathing.


Message History

The river rat bites you but does no damage.
You see here a river rat corpse.
You hit the river rat.
The river rat is heavily wounded.
The river rat bites you!
You barely miss the river rat.
The river rat is heavily wounded.
The river rat bites you!
* * * LOW HITPOINT WARNING * * *
You closely miss the river rat.
The river rat is heavily wounded.
The river rat bites you but does no damage.
You hit the river rat.
The river rat is almost dead.
The river rat bites you.
* * * LOW HITPOINT WARNING * * *
You hit the river rat but do no damage.
The river rat is almost dead.
The river rat bites you.
You die...

≈≈≈≈≈≈...#
≈≈≈≈≈≈...##
≈≈≈≈≈≈....##
≈≈≈≈≈≈.....#
≈≈≈≈≈......#
≈≈≈≈≈......#
≈≈≈≈≈.....#
≈≈≈≈≈...r.#
≈≈≈≈....@##
≈≈≈≈.....####
≈≈≈.....###∩#
≈≈≈.....###.#
≈≈≈......#..#
≈≈≈........##
≈≈≈.......##
≈≈≈≈.....##
≈≈≈≈≈....#


You could see a river rat.

Vanquished Creatures
  A centaur (D:3)
  2 adders
  4 river rats
  A dart slug (D:1)
  4 leopard geckos
  A ball python (D:1)
  3 giant cockroaches
  6 goblins
  5 hobgoblins
  2 jackals (D:1)
  A quokka (D:2)
  5 bats
  6 frilled lizards
  4 kobolds
  5 rats
50 creatures vanquished.

Notes
Turn   | Place    | Note
-------+----------+-------------------------------------------
     0 | Abyss:1  | Gargoyl the Ghoul Abyssal Knight began the quest for the Orb.
     0 | Abyss:1  | Reached XP level 1. HP: 19/19 MP: 1/1
    60 | Abyss:1  | Noticed a starcursed mass
   117 | Abyss:1  | Noticed a wretched star
   118 | D:1      | Escaped the Abyss
   134 | D:1      | Reached * piety under Lugonu
   247 | D:1      | Reached XP level 2. HP: 23/26 MP: 2/2
   538 | D:1      | Reached skill level 1 in Dodging
   568 | D:1      | Reached XP level 3. HP: 33/33 MP: 3/3
  1825 | D:3      | Noticed a centaur
  1826 | D:3      | Reached XP level 4. HP: 27/40 MP: 5/5
  1832 | D:3      | Reached ** piety under Lugonu
  1839 | D:3      | Killed a centaur
  1839 | D:3      | Reached XP level 5. HP: 7/46 MP: 6/6
  2051 | D:3      | Reached skill level 4 in Fighting
  2081 | D:3      | Found a glowing drain.
  2085 | Sewer    | Entered a sewer
  2121 | Sewer    | Slain by a river rat

Skill      XL: |  1  2  3  4  5 |
---------------+----------------+-----
Axes           | 2 3 |  3.1
Dodging        | 1 |  1.3
Armour         | 2 3 |  3.0
Invocations    | 3 |  3.3
Fighting       | 4 |  4.0

Action                   |  1- 3 |  4- 6 || total
-------------------------+-------+-------++-------
Melee: Hand axe          |    99 |    65 ||   164
Invok: Depart the Abyss  |     1 |       ||     1
  Use: Scroll            |     6 |       ||     6
       Potion            |       |     1 ||     1
  Eat: Chunk             |    18 |     7 ||    25
Armor: Leather armour    |    12 |       ||    12
       Ring mail         |    37 |       ||    37
       Scale mail        |     8 |    33 ||    41
Dodge: Dodged            |    69 |    50 ||   119
